 Dungeon Crawl Stone Soup version 0.24-a0-250-g6074511 (webtiles) character file.

Game seed: 11610670711258155580

7091 Borgoz the Slicer (level 11, -35/71 HPs)
             Began as a Kobold Gladiator on Apr 14, 2019.
             Was a Follower of Ashenzari.
             Killed from afar by an ice dragon (52 damage)
             ... with a blast of cold
             ... on level 9 of the Dungeon.
             The game lasted 00:17:06 (8865 turns).

Borgoz the Slicer (Kobold Gladiator)                Turns: 8865, Time: 00:17:07

Health: -35/71     AC:  9    Str: 15    XL:     11   Next: 30%
Magic:  11/11      EV: 23    Int: 11    God:    Ashenzari [*.....]
Gold:   420        SH:  0    Dex: 19    Spells: 10/10 levels left

rFire    . . .     SeeInvis .   L - +3 short sword (venom)
rCold    . . .     Gourm    .   (shield restricted)
rNeg     . . .     Faith    .   u - +0 leather armour
rPois    .         Spirit   .   c - +0 helmet
rElec    .         Reflect  .   w - +1 cloak
rCorr    .         Harm     .   (no gloves)
MR       .....                  K - +1 pair of boots
Stlth    +++.......             k - amulet of regeneration
HPRegen  0.61/turn              n - +2 ring of intelligence
MPRegen  0.12/turn              G - +2 ring of strength

@: very slightly contaminated, hasted, very quick
A: small, carnivore
a: Curse Item, Scrying, Renounce Religion


You were on level 9 of the Dungeon.
You worshipped Ashenzari.
Ashenzari was aware of your devotion.
You were completely stuffed.

You visited 2 branches of the dungeon, and saw 9 of its levels.
You also visited: Sewer.

You collected 420 gold pieces.

Inventory:

Hand Weapons
 a - a +1 short sword of venom
 b - a +3 dagger
 m - a +0 rapier
 L - a +3 short sword of venom (weapon)
 P - a +0 dagger of holy wrath
Missiles
 d - 2 throwing nets (quivered)
 N - 4 tomahawks of returning
Armour
 c - a +0 helmet (worn)
 u - a +0 leather armour (worn)
 w - a +1 cloak (worn)
 x - a cursed +0 buckler
 K - a +1 pair of boots (worn)
Jewellery
 k - an amulet of regeneration (around neck)
 l - an uncursed amulet of the acrobat
 n - a +2 ring of intelligence (left hand)
 o - an uncursed ring of wizardry
 y - an uncursed ring of ice
 G - a +2 ring of strength (right hand)
Wands
 r - a wand of paralysis (13)
 z - a wand of iceblast (9)
 F - a wand of scattershot (5)
 I - a wand of enslavement (8)
 J - a wand of disintegration (36)
Scrolls
 g - 9 scrolls of remove curse
 h - a scroll of noise {unknown}
 j - 2 scrolls of blinking {unknown}
 p - 4 scrolls of random uselessness {unknown}
 q - 3 scrolls of enchant armour
 B - 4 scrolls of teleportation {unknown}
 C - 2 scrolls of vulnerability {unknown}
 O - a scroll of enchant weapon {unknown}
 Q - a scroll of identify
Potions
 e - 3 potions of curing
 i - 4 potions of agility
 t - a potion of haste
 v - a potion of flight
 A - 2 potions of mutation
 H - a potion of degeneration
Comestibles
 f - 18 rations
 M - 6 chunks of flesh


   Skills:
 + Level 9.2 Fighting
 + Level 11.2 Short Blades
 - Level 2.1 Throwing
 + Level 6.7 Armour
 + Level 10.4 Dodging
 - Level 5.0 Stealth


You had 10 spell levels left.
You didn't know any spells.
Your spell library contained the following spells:

 Spells                   Type           Power        Failure   Level  Hunger
 Infusion                 Chrm           #...         38%         1    ##.....
 Shroud of Golubria       Chrm/Tloc      #.........   54%         2    ###....
 Song of Slaying          Chrm           #.......     54%         2    ###....
 Regeneration             Chrm/Necr      #.........   77%         3    ####...
 Spectral Weapon          Hex/Chrm       #.......     77%         3    ####...


Dungeon Overview and Level Annotations

Branches:
Dungeon (9/15)             Temple (1/1) D:6
   Lair: D:8-11         Orc: D:9-12

Altars:
Ashenzari
Cheibriados
Dithmenos
Elyvilon
Fedhas
Gozag
Hepliaklqana
Kikubaaqudgha
Makhleb
Nemelex Xobeh
Okawaru
Qazlal
Ru
Sif Muna
Trog
Uskayaw
Vehumet
Wu Jian
Xom
Yredelemnul
Zin
The Shining One

Shops:
D:9 (

Annotations:
D:4 1 runed translucent door
D:6 2 runed translucent doors, TheOvate's ghost, novice GrEE


Innate Abilities, Weirdness & Mutations

You are small and have problems with some larger weapons.
You are carnivorous and can eat meat at any time.


Message History

Found a fan of gales.
There is an open door here.
You hit the ice dragon but do no damage.
You closely miss the ice dragon. The ice dragon misses you. x2
The ice dragon barely misses you.
You hit the ice dragon but do no damage.
You hit the ice dragon.
The ice dragon is lightly wounded.
The ice dragon misses you. The ice dragon claws you.
* * * LOW HITPOINT WARNING * * *
The ice dragon tramples you.
* * * LOW HITPOINT WARNING * * *
You hold your ground!
Quiver which item? (- for none, * to show all) (? for menu, Esc to quit)
Okay, then.
You feel yourself speed up. The ice dragon breathes frost at you.
The blast of cold hits you!!!
Ouch! That really hurt!
You die...

### #.############# .#
##.##.........###.#
#####...#..........#..#
#..................#..#
##.########'#.......#.#
#..#..#..#..#.........#
#..#..'..#..#......#..#
#..##'##@#'##......#..#
#..#8.#D=#..#.....#..##
#..#.8#}.#(.#..####..####
#..##รท####'##...###.....#
##..#..'.)'..#.#..........
##...#..#..#.(#.#..........
##....##########.#....(..... ##
###................#..........
.###..............###............


You could see an ice dragon.

Vanquished Creatures
  A two-headed ogre (D:9)
  A fire crab (D:9)
  Pikel (D:9)
  An ugly thing (D:9)
  A cyclops (D:9)
  A troll (D:9)
  A slime creature (D:9)
  2 hippogriffs
  2 soldier ants (D:8)
  A water moccasin (D:6)
  4 orc warriors
  Purgy (Sewer)
  2 phantoms
  An eye of draining (D:9)
  4 ogres
  A sky beast (D:9)
  A black bear (D:8)
  A slave (D:9)
  2 ice beasts (D:7)
  A necrophage (D:8)
  2 centaurs
  A big kobold (D:8)
  4 bullfrogs
  3 killer bees (D:8)
  A scorpion (D:3)
  5 howler monkeys
  2 crimson imps
  3 hounds
  3 bullfrog skeletons
  5 orc priests
  2 iguanas
  9 orc wizards
  Natasha (twice) (D:2)
  3 worker ants (D:8)
  A hound zombie (D:7)
  2 hound skeletons
  3 gnolls (D:4)
  3 howler monkey skeletons
  15 adders
  A shadow imp (D:6)
  2 oozes
  An adder skeleton (D:4)
  5 worms
  A dart slug (D:1)
  7 leopard geckos
  31 orcs
  8 giant cockroaches
  8 goblins
  7 hobgoblins
  14 jackals
  4 quokkas
  A ball python (D:7)
  11 bats
  4 frilled lizards
  15 kobolds
  A quokka zombie (D:9)
  6 rats
226 creatures vanquished.

Notes
Turn   | Place    | Note
-------+----------+-------------------------------------------
     0 | D:1      | Borgoz the Kobold Gladiator began the quest for the Orb.
     0 | D:1      | Reached XP level 1. HP: 12/12 MP: 1/1
    75 | D:1      | Reached XP level 2. HP: 17/18 MP: 2/2
   276 | D:1      | Found a glowing golden altar of the Shining One.
   812 | D:1      | Reached skill level 1 in Stealth
   838 | D:1      | Reached XP level 3. HP: 22/22 MP: 3/3
  1415 | D:2      | Reached skill level 1 in Armour
  1415 | D:2      | Reached XP level 4. HP: 27/27 MP: 4/4
  1613 | D:2      | You fall through a shaft!
  2005 | D:3      | Found a glowing drain.
  2009 | Sewer    | Entered a sewer
  2100 | Sewer    | Reached XP level 5. HP: 32/32 MP: 5/5
  2103 | Sewer    | Noticed Purgy
  2154 | Sewer    | Killed Purgy
  2154 | Sewer    | Reached skill level 5 in Short Blades
  2154 | Sewer    | Reached XP level 6. HP: 17/37 MP: 6/6
  2807 | D:3      | Reached skill level 5 in Dodging
  3159 | D:2      | Noticed Natasha
  3165 | D:2      | Killed Natasha
  3328 | D:2      | Noticed Natasha
  3335 | D:2      | Killed Natasha
  3335 | D:2      | Reached XP level 7. HP: 27/42 MP: 7/7
  3811 | D:4      | Found a large runed translucent door.
  3939 | D:4      | Reached skill level 6 in Short Blades
  4109 | D:4      | You fall through a shaft for 3 floors!
  4176 | D:6      | Found a deep blue altar of Sif Muna.
  4184 | D:6      | Noticed a water moccasin
  4206 | D:6      | Killed a water moccasin
  4206 | D:6      | Reached skill level 5 in Stealth
  4206 | D:6      | Reached XP level 8. HP: 19/48 MP: 8/8
  4256 | D:6      | Found a sacrificial altar of Ru.
  4555 | D:6      | Found a runed translucent door.
  4556 | D:6      | Found a staircase to the Ecumenical Temple.
  4558 | D:6      | Noticed TheOvate's ghost (novice GrEE)
  4568 | Temple   | Entered the Ecumenical Temple
  4670 | Temple   | Became a worshipper of Ashenzari the Shackled
  4763 | D:6      | Reached skill level 5 in Fighting
  5009 | D:6      | Reached skill level 7 in Short Blades
  5207 | D:6      | Found a shadowy altar of Dithmenos.
  5228 | D:6      | Found a runed translucent door.
  6055 | D:7      | Reached XP level 9. HP: 41/55 MP: 9/9
  6197 | D:7      | Noticed a hippogriff
  6217 | D:7      | Killed a hippogriff
  6235 | D:7      | HP: 2/55 [ice beast (5)]
  6236 | D:7      | Reached skill level 8 in Short Blades
  7178 | D:8      | Reached skill level 9 in Short Blades
  7272 | D:8      | Reached skill level 5 in Armour
  7272 | D:8      | Reached XP level 10. HP: 19/63 MP: 10/10
  8012 | D:8      | Reached * piety under Ashenzari
  8253 | D:9      | Noticed Pikel
  8282 | D:9      | Killed Pikel
  8348 | D:9      | Reached skill level 10 in Short Blades
  8394 | D:9      | Found Dirr's Weapon Boutique.
  8546 | D:9      | Paralysed by an orc priest for 6 turns
  8561 | D:9      | Paralysed by an orc priest for 5 turns
  8760 | D:9      | Found a runed translucent door.
  8760 | D:9      | Noticed a cyclops
  8772 | D:9      | Killed a cyclops
  8776 | D:9      | Noticed a two-headed ogre
  8781 | D:9      | Reached XP level 11. HP: 60/69 MP: 11/11
  8790 | D:9      | Killed a two-headed ogre
  8790 | D:9      | Reached skill level 10 in Dodging
  8795 | D:9      | Noticed a red ugly thing
  8829 | D:9      | Killed a red ugly thing
  8829 | D:9      | Reached skill level 11 in Short Blades
  8836 | D:9      | Noticed a fire crab
  8844 | D:9      | Killed a fire crab
  8857 | D:9      | Noticed an ice dragon
  8865 | D:9      | Killed from afar by an ice dragon

Levels and vault maps discovered:
D:1:      elethiomel_arrival_infinity_welcomes_careful_drivers, layout_basic,
          tso_metal_star
D:2:      layout_loops_corners, uniq_natasha
D:3:      layout_basic, first_ration, gup_sewer_entry_spiral,
          serial_corexii_hall, corexii_hall_statues_l,
          chequers_hall_statues_corner_a
D:4:      layout_basic, ebering_ghost_disaster_area, minmay_three_crescents
D:6:      layout_cave_pools, old_standard_altar, minmay_temple_entry_mini_moons,
          basic_altar, ebering_ghost_sewer_f,
          nicolae_dithmenos_through_a_glass_darkly
D:7:      minmay_bubble_buster, layout_rooms
D:8:      black_bear_nest_2, layout_basic, hangedman_pestilent_swarm
D:9:      layout_cave_pods, serial_shops, shop, kb_lookout_dungeons_type,
          minivault_13, uniq_pikel
Temple:   kilobyte_greek_temple
Sewer:    kennysheep_door_sewer

Skill      XL: |  1  2  3  4  5  6  7  8  9 10 11 |
---------------+----------------------------------+-----
Stealth        | 1 2 3 5 |  5.0
Dodging        | 4 5 6 8 9 10 | 10.4
Armour         | 1 2 3 5 6 |  6.7
Fighting       | 3 4 5 7 8 9 |  9.2
Short Blades   | 5 6 7 9 10 11 | 11.2
Throwing       | |  2.1

Action                   |  1- 3 |  4- 6 |  7- 9 | 10-12 || total
-------------------------+-------+-------+-------+-------++-------
Melee: Rapier            |    99 |   129 |       |       ||   228
       Short sword       |       |    74 |   512 |   234 ||   820
       Dagger            |       |       |    70 |       ||    70
Throw: Throwing net      |       |     1 |     4 |     2 ||     7
Evoke: Wand              |       |       |       |     2 ||     2
  Use: Potion            |       |     6 |     5 |     6 ||    17
       Scroll            |       |       |       |     7 ||     7
 Stab: Sleeping          |     4 |    10 |     3 |     6 ||    23
       Held in net/web   |       |     1 |     1 |     2 ||     4
       Invisible         |       |       |       |     5 ||     5
  Eat: Chunk             |    10 |     7 |    13 |     5 ||    35
Armor: Leather armour    |    22 |    32 |    72 |    36 ||   162
       Skin              |       |    53 |       |       ||    53
Dodge: Dodged            |   103 |   170 |   432 |   153 ||   858

Table legend:
 A = Non-vault XP
 B = Vault XP
 C = Vault XP percentage of total XP
 D = Non-vault monster count
 E = Vault monster count
 F = Vault count percentage of total count
                 A         B        C        D         E       F
            +---------+---------+-------+---------+---------+-------
      Total |    5096 |    5035 |  49.7 |     188 |      37 |  16.4
            +---------+---------+-------+---------+---------+-------
        D:1 |      44 |       0 |   0.0 |      23 |       0 |   0.0
        D:2 |     109 |      35 |  24.3 |      24 |       1 |   4.0
        D:3 |     158 |      51 |  24.4 |      18 |       8 |  30.8
        D:4 |     310 |       0 |   0.0 |      22 |       0 |   0.0
        D:6 |     535 |       0 |   0.0 |      22 |       0 |   0.0
        D:7 |     748 |     596 |  44.3 |      20 |      10 |  33.3
        D:8 |    1523 |     495 |  24.5 |      33 |       5 |  13.2
        D:9 |    1669 |    3712 |  69.0 |      26 |       7 |  21.2
      Sewer |       0 |     146 | 100.0 |       0 |       6 | 100.0
            +---------+---------+-------+---------+---------+-------
